 Dungeon Crawl Stone Soup version 0.18-a0-1390-gc02854d (webtiles) character file.

49 M4edhros the Charlatan (level 3, -2/23 HPs)
             Began as an Octopode Artificer on Feb 23, 2016.
             Slain by an adder (3 damage)
             ... on level 2 of the Dungeon.
             The game lasted 00:01:26 (1025 turns).

M4edhros the Charlatan (Octopode Artificer)         Turns: 1025, Time: 00:01:26

Health: -2/23      AC:  1    Str: 10    XL:     3   Next: 75%
Magic:  5/5        EV: 12    Int: 15    God:
Gold:   32         SH:  0    Dex: 12    Spells: 0 memorised, 2 levels left

rFire  . . .     SeeInvis .       - Unarmed
rCold  . . .     Gourm    .     (no shield)
rNeg   . . .     Faith    .     (helmet restricted)
rPois  .         Spirit   .     (no amulet)
rElec  .         Dismiss  .     (no ring)
rCorr  .         Reflect  .     (no ring)
SustAt .         Harm     .     (no ring)
MR     .....                    (no ring)
Stlth  +++.......               (no ring)
                                (no ring)
                                (no ring)
                                (no ring)

@: lethally poisoned (-2 -> -7), not resistant to hostile enchantments, fairly
stealthy
A: almost no armour, amphibious, 8 rings, constrict 8, camouflage 1, gelatinous
body 1
a: no special abilities


You were on level 2 of the Dungeon.
You were not hungry.

You visited 1 branch of the dungeon, and saw 2 of its levels.

You collected 32 gold pieces.

Inventory:

Wands
 b - a wand of flame (15/48)
 c - a wand of enslavement (15/24)
 d - a wand of random effects (15/48)
Scrolls
 a - a scroll of fear {unknown}
 e - 2 scrolls of identify {unknown}
 g - a scroll of magic mapping {unknown}
 h - a scroll of teleportation {unknown}
 k - a scroll of remove curse {unknown}
Potions
 j - a potion of might {unknown}
Comestibles
 f - a bread ration


   Skills:
 - Level 1.0 Fighting
   Level 1.0 Short Blades
 - Level 2.0 Dodging
 - Level 1.3 Stealth
 + Level 3.2 Unarmed Combat
 - Level 3.2 Evocations


You had 2 spell levels left.
You didn't know any spells.

Dungeon Overview and Level Annotations

Branches:
Dungeon (2/15)

Altars:
The Shining One


Innate Abilities, Weirdness & Mutations

You cannot wear most types of armour.
You are amphibious.
You can wear up to eight rings at the same time.
You can use your tentacles to constrict eight enemies at once.
Your skin changes colour to match your surroundings (Stealth).
Your rubbery body absorbs attacks (AC +1).


Message History

The adder closely misses you.
You barely miss the adder. Your grab misses the adder.
The adder is moderately wounded.
The adder misses you.
You tentacle-slap the adder but do no damage.
Your grab misses the adder.
The adder is moderately wounded.
The adder bites you. x2
* * * LOW HITPOINT WARNING * * *
You tentacle-slap the adder. Your grab misses the adder.
The adder is heavily wounded.
The adder bites you.
* * * LOW HITPOINT WARNING * * *
You are lethally poisoned!
The adder poisons you!
Drink which item? (? for menu, Esc to quit)
It was a potion of cure mutation.
It has a very clean taste.
* * * LOW HITPOINT WARNING * * *
You feel sick. The adder bites you.
You die...

#.#.#####.###.....# #.
#.#.# #.###...###.... #.#.#
#.#...†........ #.#.#
#.#.##..###...#
.#..#####.#. #..(....##...#
###.....<.# ##†##..##..#..
.#...######. ##....##..#.#.
#.#......... #...### .#._.#
####.######.##.S@..##..#.#.
#†# #.###.##..##..#.. #.#
#.# #.##...## #.# #.#
#.##....## #.# #.#
#.##..#).# #.# #.#
#.##..##..# #.#### #.#
#.##... ..#
#....###<###...... ....
####.(†............g....


You could see an adder.

Vanquished Creatures
  An adder (D:2)
  An ooze (D:2)
  A worm (D:2)
  3 dart slugs (D:1)
  A giant gecko (D:2)
  2 bats (D:1)
  7 goblins
  2 hobgoblins
  2 kobolds (D:1)
  A quokka (D:2)
  A giant newt (D:1)
  3 rats
25 creatures vanquished.

Notes
Turn   | Place    | Note
--------------------------------------------------------------
     0 | D:1      | M4edhros the Octopode Artificer began the quest for the Orb.
     0 | D:1      | Reached XP level 1. HP: 13/13 MP: 3/3
   158 | D:1      | Reached skill level 1 in Unarmed Combat
   233 | D:1      | Reached XP level 2. HP: 18/18 MP: 4/4
   593 | D:2      | Reached XP level 3. HP: 12/23 MP: 5/5
   972 | D:2      | Found a glowing golden altar of the Shining One.
  1025 | D:2      | HP: 1/23 [poisoned by an adder]
  1025 | D:2      | Slain by an adder

Vault maps used:
D:1:      dpeg_arrival_tiny_k, minivault_24
D:2:      minmay_door_path, tso_metal_star, uniq_robin

Skill      XL: |  1  2  3 |
---------------+----------+-----
Unarmed Combat | 1 2 3 |  3.2
Fighting       | |  1.0
Short Blades   | |  1.0
Dodging        | |  2.0
Stealth        | |  1.3
Evocations     | |  3.2

Action                   || total
-------------------------++-------
Melee: Unarmed           ||    71
  Use: Potion            ||     1
 Stab: Sleeping          ||     7
       Distracted        ||     1
